 Dungeon Crawl Stone Soup version 0.19-a0-1292-g796ee4d (webtiles) character file.

29 jacquesderrida the Skirmisher (level 3, -4/19 HPs)
             Began as a Vine Stalker Wanderer on Aug 30, 2016.
             Slain by a gnoll
             ... wielding a cursed +0 spear
              (7 damage)
             ... on level 2 of the Dungeon.
             The game lasted 00:00:38 (154 turns).

jacquesderrida the Skirmisher (VSWn)                 Turns: 154, Time: 00:00:38

Health: -4/19      AC:  6    Str: 14    XL:     3   Next: 16%
Magic:  0/7        EV:  8    Int: 13    God:
Gold:   16         SH:  0    Dex: 13    Spells: 0 memorised, 6 levels left

rFire  . . .     SeeInvis .     b - +0 shortbow
rCold  . . .     Gourm    .     m - +0 scale mail
rNeg   . . .     Faith    .     (shield currently unavailable)
rPois  .         Spirit   +     (no helmet)
rElec  .         Dismiss  .     (no cloak)
rCorr  .         Reflect  .     (no gloves)
MR     .....     Harm     .     (no boots)
Stlth  ..........               (no amulet)
                                (no ring)
                                (no ring)

@: no status effects
A: fangs 2, magic shield, antimagic bite, no device heal 3, rot immunity
a: no special abilities


You were on level 2 of the Dungeon.
You were not hungry.

You visited 1 branch of the dungeon, and saw 2 of its levels.

You collected 16 gold pieces.

Inventory:

Hand Weapons
 b - a +0 shortbow (weapon)
Missiles
 c - 4 arrows (quivered)
Armour
 d - a +0 shield
 e - a +0 robe
 m - a +0 scale mail (worn)
Scrolls
 h - a scroll of remove curse {unknown}
 i - a scroll of magic mapping {unknown}
 k - a scroll of enchant armour {unknown}
 l - a scroll of immolation {unknown}
Potions
 g - a potion of heal wounds {unknown}
Books
 a - a book of Geomancy

   Spells                             Type                      Level
   a - Sandblast                      Earth                        1
   b - Passwall                       Transmutation/Earth          2
   c - Stone Arrow                    Conjuration/Earth            3
   d - Petrify                        Transmutation/Earth          4
   e - Lee's Rapid Deconstruction     Earth                        5
Comestibles
 f - a bread ration
 j - a meat ration


   Skills:
 + Level 2.7 Fighting
 - Level 2.6 Bows
 - Level 1.0 Armour
 - Level 1.2 Stealth
 - Level 1.0 Shields
 - Level 2.1 Spellcasting
   Level 1.0 Earth Magic


You had 6 spell levels left.
You didn't know any spells.

Dungeon Overview and Level Annotations

Branches:
Dungeon (2/15)

Altars:
Dithmenos


Innate Abilities, Weirdness & Mutations

You have extremely sharp teeth.
When hurt, damage is shared between your health and your magic reserves.
Your bite disrupts and absorbs the magic of your enemies.
Potions and wands cannot restore your health.
You are immune to rotting.


Message History

Aim: a gnoll, wielding a spear (moderately wounded)
You shoot an arrow. The arrow barely misses the gnoll.
The arrow closely misses the goblin.
The gnoll hits you from afar with a spear!
* * * LOW HITPOINT WARNING * * *
Firing (i - inventory):
c - 6 arrows (quivered)
Press: ? - help, Shift-Dir - straight line, f/p - gnoll
Aim: a gnoll, wielding a spear (moderately wounded)
You shoot an arrow. The arrow barely misses the gnoll.
The arrow closely misses the goblin.
The arrow hits the rat!
You kill the rat!
The gnoll closely misses you.
Firing (i - inventory):
c - 5 arrows (quivered)
Press: ? - help, Shift-Dir - straight line, f/p - gnoll
Aim: a gnoll, wielding a spear (moderately wounded)
You shoot an arrow. The arrow hits the gnoll.
The gnoll is heavily wounded.
The gnoll hits you from afar with a spear.
The gnoll hits you from afar with a spear!
You die...

#(..(........########
###.####)......(....##
# ####.<...........##
#........<..........#
#####...............#
#...............#
#...............#
#...............#
##@..<.........#
#......#.....##
#g###.######## #g# #.#
.(# #.# ...# #.# .....
#.# ....(. #.# .......
#.#


You could see a gnoll and a goblin.

Vanquished Creatures
  2 gnolls (D:2)
  A dart slug (D:2)
  A hobgoblin (D:1)
  2 bats (D:2)
  2 kobolds (D:2)
  2 rats (D:2)
10 creatures vanquished.

Vanquished Creatures (others)
  A rat (D:2)
1 creature vanquished.

Grand Total: 11 creatures vanquished

Notes
Turn   | Place    | Note
-------+----------+-------------------------------------------
     0 | D:1      | jacquesderrida the Vine Stalker Wanderer began the quest for the Orb.
     0 | D:1      | jacquesderrida set off with: a book of Geomancy, a +0 shortbow, 27 arrows, a +0 shield, a +0 robe, a bread ration
     0 | D:1      | Reached XP level 1. HP: 10/10 MP: 4/4
    65 | D:2      | Found a shadowy altar of Dithmenos.
    69 | D:2      | Reached XP level 2. HP: 12/15 MP: 4/6
   151 | D:2      | Reached XP level 3. HP: 10/19 MP: 3/7
   154 | D:2      | Slain by a gnoll

Vault maps used:
D:1:      evilmike_arrival_hilbert_curve, serial_park_tiny_2
D:2:      evilmike_ruin_ashenzari, old_standard_altar,
          nicolae_overflow_hidden_temple, first_bread, ecumenical_altar_2,
          fedhas_altar_1

Skill      XL: |  1  2 |
---------------+-------+-----
Fighting       | 2 |  2.7
Bows           | |  2.6
Armour         | |  1.0
Stealth        | |  1.2
Shields        | |  1.0
Spellcasting   | |  2.1
Earth Magic    | |  1.0

Action                   || total
-------------------------++-------
 Fire: Shortbow          ||    33
Armor: Robe              ||     4
       Scale mail        ||     2
Dodge: Dodged            ||    17
